[Event "*** Titled Tuesday Blitz"]
[Site "Chess.com"]
[Date "2020.02.04"]
[Round "7"]
[White "Barcelona_Guy"]
[Black "Gabrielian_Artur"]
[Result "1-0"]
[WhiteElo "2642"]
[BlackElo "2755"]
[TimeControl "180+2"]
[EndTime "14:33:21 PST"]
[Termination "Barcelona_Guy won by resignation"]

1. e4 c5 2. Nf3 d6 3. d4 cxd4 4. Nxd4 Nf6 5. Nc3 Nc6 6. g3 e6 7. Bg2 Bd7 8. O-O Be7 9. a4 O-O 10. Re1 Nxd4 11. Qxd4 Bc6 12. b3 Rc8 13. Bb2 a6 14. Ne2 Qc7 15. c4 Rfd8 16. Qe3 e5 17.
Nc3 h6 18. Nd5 Bxd5 19. cxd5 Qa5 20. Rec1 Re8 21. Bh3 Rxc1+ 22. Rxc1 Bd8 23. Bc3 Qb6 24. Qxb6 Bxb6 25. Bg2 Rc8 26. h3 Nh5 27. Kf1 g6 28. Bd2 Rxc1+ 29. Bxc1 Kg7 30. Ba3 Bc7 31. Ke2 f5 32. b4 Nf6 33. f3 Nh5 34. g4 Nf4+ 35.
Kf1 Kf6 36. Bc1 Nd3 37. Bd2 Nb2 38. a5 Nc4 39. Bxh6 f4 40. h4 Ne3+ 41. Kf2 b6 42. g5+ Kf7 43. Bh3 bxa5 44. Be6+ Ke7 45. bxa5 Bxa5 46. h5 Nd1+ 47. Kg2 Ne3+ 48. Kh3 gxh5 49.
g6 Nd1 50. g7 1-0

[Event "*** Titled Tuesday Blitz"]
[Site "Chess.com"]
[Date "2020.02.04"]
[Round "7"]
[White "norwaytoadog"]
[Black "Majkelopulos"]
[Result "0-1"]
[WhiteElo "2288"]
[BlackElo "2481"]
[TimeControl "180+2"]
[EndTime "14:33:21 PST"]
[Termination "Majkelopulos won by resignation"]

1. e4 e5 2. Nf3 Nc6 3. Bb5 g6 4.
c3 d6 5. d4 Bd7 6. O-O Bg7 7.
Bg5 Nge7 8. d5 Nb8 9. Qa4 h6 10. Be3 O-O 11. Bxd7 Nxd7 12. c4 f5 13. exf5 Nxf5 14.
Nc3 Nxe3 15. fxe3 Nc5 16. Qc2 g5 17. Ne4 Nxe4 18. Qxe4 Qe8 19. Rac1 b6 20. Rc2 Qh5 21. h3 Rf7 22. Rcf2 Raf8 23. Kh2 g4 24. Qxg4 Qxg4 25. hxg4 e4 26. Kg3 exf3 27. gxf3 Re7 28. Re2 Be5+ 29. f4 Bf6 30. Kf3 Rfe8 31. e4 Kg7 32. Rfe1 Rf7 33. Kg3 a5 34. Rh1 Rfe7 35. Rhe1 Bd4 36. Kf3 a4 37. b3 axb3 38. axb3 Ra8 39. e5 dxe5 40. fxe5 Ra3 41. d6 Rxb3+ 42. Ke4 cxd6 43. Kxd4 dxe5+ 44. Rxe5 Rxe5 45. Rxe5 Rg3 46. Re6 Rxg4+ 47. Kd5 Rg5+ 48. Kc6 Rc5+ 49. Kxb6 Rxc4 50. Kb5 Rc1 51. Kb4 h5 52. Kb3 h4 53. Kb2 Rc4 54. Kb3 Rc5 55. Kb4 Rc8 56. Re3 Kf6 57. Rh3 Kg5 58. Kb3 Kg4 59.
Rh1 h3 60. Rg1+ Kf3 61. Rg6 h2 62. Rh6 Kg2 63. Rg6+ Kh1 64. Kb2 Rc4 65. Kb3 Rc1 66. Kb2 Rg1 67. Rh6 Rg2+ 68. Kc3 Kg1 0-1

[Event "*** Titled Tuesday Blitz"]
[Site "Chess.com"]
[Date "2020.02.04"]
[Round "7"]
[White "mbojan"]
[Black "BeanScreen"]
[Result "1-0"]
[WhiteElo "2753"]
[BlackElo "2581"]
[TimeControl "180+2"]
[EndTime "14:33:24 PST"]
[Termination "mbojan won by checkmate"]

1. e4 e5 2. Nf3 Nc6 3. Bb5 a6 4. Ba4 d6 5. O-O Nf6 6. Re1 Be7 7. c3 O-O 8. h3 b5 9. Bb3 Na5 10. Bc2 c5 11. d4 Qc7 12. d5 Nc4 13. b3 Nb6 14.
Nbd2 Re8 15. Nf1 Nbd7 16. Ne3 Nf8 17. Nf5 Ng6 18. Nxe7+ Qxe7 19. Kh2 h6 20. Be3 Nh5 21. g3 Rf8 22. Ng1 Nf6 23. b4 c4 24. a4 Bd7 25.
axb5 axb5 26. Qf3 Nh7 27. Ra5 Ng5 28. Qg2 Rab8 29. Ra7 h5 30. Bxg5 Qxg5 31. Rxd7 Qd2 32. Re2 Qxc3 33. Qf3 Qxb4 34. Qxh5 Rfd8 35. Rxf7 Kxf7 36.
Nf3 Rf8 37. Ng5+ Kf6 38. Nh7+ Ke7 39. Qxg6 Rbe8 40. Qxg7+ Rf7 41. Qg5+ Kd7 42. Nf6+ Rxf6 43. Qxf6 Qc5 44. Bd1 b4 45. Ra2 b3 46. Bg4+ Kc7 47.
Qf7+ Kb6 48. Qa7+ Kb5 49. Qa5# 1-0

[Event "*** Titled Tuesday Blitz"]
[Site "Chess.com"]
[Date "2020.02.04"]
[Round "7"]
[White "Andro2"]
[Black "Bathory44"]
[Result "0-1"]
[WhiteElo "2438"]
[BlackElo "2591"]
[TimeControl "180+2"]
[EndTime "14:33:25 PST"]
[Termination "Bathory44 won by resignation"]

1. e4 e6 2. d4 d5 3. Nd2 a6 4. Ngf3 c5 5. exd5 exd5 6. Be2 Nc6 7.
O-O Nf6 8. Re1 Be6 9. dxc5 Bxc5 10. Nb3 Bb6 11. c3 O-O 12. h3 Qd6 13. Nfd4 Bc7 14.
Nf3 Ne4 15. Nbd4 Rfe8 16. Be3 Rad8 17. Nxc6 bxc6 18. Bxa6 Rb8 19. Qc2 Bxh3 20. gxh3 Qg6+ 21. Ng5 Nxg5 22. Qxg6 Nf3+ 23. Kh1 hxg6 24. Re2 Ne5 25. Bd4 Nc4 26. Bxc4 dxc4 27. Rae1 Rxe2 28. Rxe2 Bd6 29. Kg2 f6 30. Kf3 Kf7 31. Rd2 g5 32. Bxf6 Bf4 33. Rd4 gxf6 34. Rxc4 Rxb2 35. a4 Ra2 36. Rxc6 Rxa4 37.
c4 Be5 38. Ke4 Ra3 39. f3 Ra2 40. Kf5 Rf2 41. Ke4 Rh2 42. c5 Rxh3 43. Ra6 Rh4+ 44. Kd5 Rd4+ 45. Kc6 Rd3 46. Ra7+ Kg6 47. Re7 Rxf3 48.
Kd5 Rc3 49. c6 Kf5 50. Rh7 g4 51. Rh5+ Kf4 52. Rh1 g3 53. Rf1+ Rf3 54. Re1 g2 55. Re4+ Kg3 0-1

[Event "*** Titled Tuesday Blitz"]
[Site "Chess.com"]
[Date "2020.02.04"]
[Round "7"]
[White "Vuk2000"]
[Black "2nd_life"]
[Result "0-1"]
[WhiteElo "2656"]
[BlackElo "2496"]
[TimeControl "180+2"]
[EndTime "14:33:28 PST"]
[Termination "2nd_life won by resignation"]

1. d4 Nf6 2. Bg5 e6 3. e4 h6 4. Bxf6 Qxf6 5. c3 d6 6. Bd3 e5 7.
Ne2 g6 8. O-O Bg7 9. f4 Qe7 10.
Nd2 Nd7 11. Nf3 O-O 12. Qd2 a6 13. a4 exd4 14. cxd4 c5 15. d5 Rb8 16. Nc3 Re8 17. Rae1 b5 18. axb5 axb5 19. Nxb5 Ba6 20. Na3 Rxb2 21.
Qd1 Bxd3 22. Qxd3 Reb8 23. Nc4 R8b3 24. Qd1 Rb1 25. Qe2 Rxe1 26. Rxe1 Nb6 27. Nxb6 Rxb6 28. e5 Kh7 29. e6 fxe6 30. Qxe6 Qf8 31. g3 c4 32. Qe4 c3 33. Nd4 Rb4 34. Ne6 Qb8 35. Qd3 Qb6+ 36. Kh1 Qb5 37. Qf3 Rb1 38. Qe4 Rxe1+ 39.
Qxe1 c2 40. Kg2 Qxd5+ 41. Kh3 Qxe6+ 42. Qxe6 c1=Q 43. Qxd6 Qf1+ 44. Kh4 Qe2 45. Kh3 Qf1+ 46. Kh4 Qg2 47. h3 Qe2 48. Qd5 Bf6+ 0-1

[Event "*** Titled Tuesday Blitz"]
[Site "Chess.com"]
[Date "2020.02.04"]
[Round "7"]
[White "SuperCheese"]
[Black "valeriocarnicelli"]
[Result "1-0"]
[WhiteElo "2689"]
[BlackElo "2498"]
[TimeControl "180+2"]
[EndTime "14:33:29 PST"]
[Termination "SuperCheese won by checkmate"]

1. d4 d5 2. c4 c6 3. Nf3 Nf6 4. Nc3 dxc4 5. e4 b5 6. e5 Nd5 7. a4 e6 8. axb5 Nxc3 9. bxc3 cxb5 10. Ng5 Bb7 11. Qh5 g6 12. Qg4 Be7 13. Ne4 h5 14.
Qf4 a5 15. Be2 Nd7 16. O-O Nb6 17. Bf3 Bxe4 18. Bxe4 Nd5 19. Qf3 Qd7 20. Bd2 a4 21. h3 a3 22. Qg3 a2 23. Rfc1 Ra3 24. Rc2 Qa7 25. Bxd5 exd5 26. e6 fxe6 27. Qxg6+ Kd7 28. Qg7 Re8 29. Rb2 b4 30. Rxb4 Rb3 31. Bf4 Rxb4 32. cxb4 Qa3 33. Qe5 Rc8 34. Re1 Rc6 35.
b5 Rd6 36. Ra1 Qb2 37. Qe1 Rb6 38. Kh2 Rxb5 39. Qe5 Rb7 40. Re1 Qb6 41. Qe2 Qa6 42. Ra1 Ra7 43. Qb2 Ke8 44. g3 Kf7 45. Qc2 Ke8 46. Qb2 Kf7 47. Qc2 Kf8 48. Qg6 e5 49. Bh6# 1-0

[Event "*** Titled Tuesday Blitz"]
[Site "Chess.com"]
[Date "2020.02.04"]
[Round "7"]
[White "bazar-wokzal"]
[Black "vlad_Sid"]
[Result "0-1"]
[WhiteElo "2546"]
[BlackElo "2742"]
[TimeControl "180+2"]
[EndTime "14:33:32 PST"]
[Termination "vlad_Sid won by resignation"]

1. e4 c6 2. d4 d5 3. e5 Bf5 4.
Nc3 e6 5. g4 Bg6 6. Nge2 c5 7.
Be3 Nc6 8. dxc5 Nxe5 9. Nf4 a6 10.
Qe2 Nf6 11. O-O-O Nexg4 12. Bd4 Be7 13. h3 Nh6 14. h4 Nf5 15. Be5 Nh6 16. h5 Bf5 17. Rg1 O-O 18. f3 Bxc5 19. Rg3 Bd6 20. Bg2 Bxe5 21. Qxe5 Qb8 22. Qe3 d4 23. Qxd4 e5 24. Qc5 exf4 25. Rg5 Qc8 26. Qe5 Qe6 27.
Qxf4 Rfe8 28. Rg1 Qe3+ 29. Qxe3 Rxe3 30. f4 Bg4 31. Bxb7 Ra7 32. Bc6 Rc7 33. Ba4 Nxh5 34. R1xg4 Nxg4 35. Rxg4 Nf6 36. Rg5 Ne4 37. Nxe4 Rxe4 38.
Bb3 Rxf4 39. Re5 g6 40. a4 Kg7 41. Ra5 Rf6 42. Bd5 Rd7 43. c4 h5 44. b4 h4 45. b5 axb5 46. axb5 h3 47. Ra2 Rf1+ 48. Kb2 Rf2+ 49. Kb3 Rxa2 50. Kxa2 Rxd5 51. cxd5 h2 52. b6 h1=Q 0-1

[Event "*** Titled Tuesday Blitz"]
[Site "Chess.com"]
[Date "2020.02.04"]
[Round "7"]
[White "GMHess"]
[Black "vovachesss"]
[Result "1-0"]
[WhiteElo "2748"]
[BlackElo "2567"]
[TimeControl "180+2"]
[EndTime "14:33:32 PST"]
[Termination "GMHess won by checkmate"]

1. b3 e5 2. Bb2 d6 3. d3 g6 4.
Nd2 Bg7 5. h3 Ne7 6. e3 Nbc6 7.
a3 Be6 8. Ne2 Qd7 9. Nf4 O-O 10.
Nxe6 Qxe6 11. Qe2 f5 12. O-O-O a5 13. Kb1 a4 14. b4 d5 15. g4 Rf7 16. Bg2 Raf8 17. gxf5 Nxf5 18. c4 dxc4 19. dxc4 Nce7 20. Ne4 Nh4 21. Nc5 Qb6 22. Be4 Rxf2 23. Qd3 Ra8 24. Rhf1 Rxf1 25. Rxf1 Nhf5 26. Bxb7 Rb8 27. Be4 Rc8 28.
Bxf5 Nxf5 29. Qd7 Rf8 30. Ne6 Rf7 31. Qe8+ Bf8 32. c5 Qb7 33. Nxf8 Qe4+ 34. Ka1 Rxf8 35.
Qe6+ Rf7 36. Rd1 Kg7 37. Qxe5+ Qxe5 38. Bxe5+ Kh6 39. Bf4+ g5 40. Bh2 Nxe3 41. Rc1 c6 42. b5 cxb5 43. c6 Nc4 44. c7 Rf8 45. Rd1 Nb6 46.
Rd6+ Kh5 47. Rxb6 Rf1+ 48. Kb2 Rf2+ 49. Kc3 Rxh2 50. c8=Q Rh1 51. Qg4# 1-0

[Event "*** Titled Tuesday Blitz"]
[Site "Chess.com"]
[Date "2020.02.04"]
[Round "7"]
[White "Megagigahiper3345"]
[Black "korbul"]
[Result "0-1"]
[WhiteElo "2321"]
[BlackElo "2565"]
[TimeControl "180+2"]
[EndTime "14:33:34 PST"]
[Termination "korbul won by checkmate"]

1. d4 Nf6 2. c4 e6 3. Nf3 b6 4. g3 Ba6 5. Qc2 Nc6 6. Bg2 Bb4+ 7.
Nbd2 Bb7 8. O-O O-O 9. a3 Be7 10.
e4 d5 11. cxd5 exd5 12. e5 Nd7 13. h4 a5 14. Re1 Re8 15. Nf1 Nf8 16. h5 h6 17. Bf4 Ne6 18. Be3 a4 19. Rad1 Qd7 20. N1h2 Na5 21. Bh3 Nc4 22. Bc1 c5 23. dxc5 bxc5 24.
Qxc4 Qc6 25. Qg4 Bc8 26. Bg2 Rb8 27. Nh4 Nd4 28. Rxd4 Bxg4 29. Rxg4 Bg5 30. Nf5 Qd7 31. Bxg5 hxg5 32. Rxg5 Rxb2 33. Rxg7+ Kh8 34. Rg5 Rg8 35.
Rxg8+ Kxg8 36. g4 d4 37. h6 d3 38. Bf3 c4 39. e6 fxe6 40. Ne3 d2 41. Rf1 c3 42. g5 c2 43. Nhg4 Qf7 44. Nf6+ Kh8 45.
Bh5 Qe7 46. Nxc2 Rxc2 47. f4 Rc1 48. Bd1 Qc5+ 49. Kg2 Qf5 50. Kg3 Rc3+ 51. Kg2 Qh3+ 52. Kf2 Qe3+ 53. Kg2 Qg3+ 54. Kh1 Qh4+ 55. Kg2 Rg3+ 56.
Kf2 Qxf4+ 57. Ke2 Qe3# 0-1

[Event "*** Titled Tuesday Blitz"]
[Site "Chess.com"]
[Date "2020.02.04"]
[Round "7"]
[White "M1711"]
[Black "Kimster98"]
[Result "1-0"]
[WhiteElo "2520"]
[BlackElo "2681"]
[TimeControl "180+2"]
[EndTime "14:33:36 PST"]
[Termination "M1711 won by resignation"]

1. d4 Nf6 2. c4 e6 3. Nf3 b6 4.
g3 Bb7 5. Bg2 Bb4+ 6. Bd2 a5 7.
O-O O-O 8. Nc3 d6 9. Rc1 Nbd7 10. Re1 Qe7 11. Qc2 Bxc3 12. Bxc3 Be4 13. Qd2 Bb7 14. Qd3 Be4 15. Qd2 h6 16. b3 Rad8 17. a3 Rfe8 18.
b4 axb4 19. axb4 e5 20. d5 Ra8 21. Ra1 b5 22. cxb5 Bxd5 23. Ra5 Nb6 24. Qc2 Be4 25. Qb3 Bd5 26. Qb1 Nc4 27. Ra6 Bb7 28. Ra2 Nb6 29. Rd1 Rxa2 30. Qxa2 Ra8 31. Qc2 Qe8 32. Bxe5 dxe5 33.
Qxc7 Bxf3 34. Bxf3 Rb8 35. Bc6 Qc8 36. Qxe5 Qf8 37. h3 Rd8 38. Rb1 Nfd5 39. Qd4 f5 40. Qc5 Qe7 41. Rd1 Qxe2 42. Bxd5+ Nxd5 43. Rxd5 Qe1+ 44. Kh2 Re8 45. Rxf5 Re2 46. Qd5+ Kh7 47. Qf3 Qf1 48.
Rf7 Re1 49. Qf5+ 1-0

[Event "*** Titled Tuesday Blitz"]
[Site "Chess.com"]
[Date "2020.02.04"]
[Round "7"]
[White "Sanan_Sjugirov"]
[Black "Dhaydon19"]
[Result "1-0"]
[WhiteElo "2843"]
[BlackElo "2681"]
[TimeControl "180+2"]
[EndTime "14:33:45 PST"]
[Termination "Sanan_Sjugirov won by resignation"]

1. e4 c6 2. d4 d5 3. e5 Bf5 4.
Nf3 e6 5. Be2 Ne7 6. O-O Nd7 7.
Nbd2 c5 8. dxc5 Nc6 9. Nb3 Nxc5 10. Nbd4 Be4 11. Be3 Be7 12. Rc1 O-O 13. c4 dxc4 14.
Rxc4 Bxf3 15. Nxf3 Nd7 16. Re4 Nb6 17. Qb1 Nd5 18.
Bd2 Qb6 19. a3 Rad8 20. Rg4 g6 21. h4 Qc7 22. Qe4 Rde8 23. Bh6 f5 24. exf6 Rxf6 25.
h5 Bf8 26. Bg5 Rf5 27. hxg6 hxg6 28. Bd3 Kf7 29. Qe2 Bg7 30. Rh4 Ne5 31. Bxf5 exf5 32. Nxe5+ Rxe5 33. Qf3 Qc6 34. Rd1 Bf6 35. Rh7+ Ke6 36.
Bxf6 Kxf6 37. Qg3 f4 38. Qh4+ Rg5 39. Rh8 Qc2 40. Re1 Kf5 41. Rf8+ Nf6 42. Re5+ Kxe5 43. Qxg5+ Qf5 44. Qxf5+ gxf5 45. Rf7 Ne4 46. Rxb7 a6 47. Rb6 Nc5 48. b4 Nd7 49. Rxa6 Nb8 50. Ra7 Nc6 51.
Rc7 1-0

[Event "*** Titled Tuesday Blitz"]
[Site "Chess.com"]
[Date "2020.02.04"]
[Round "7"]
[White "Shant_Sargsyan"]
[Black "Korchmar_Vasiliy"]
[Result "0-1"]
[WhiteElo "2982"]
[BlackElo "2811"]
[TimeControl "180+2"]
[EndTime "14:33:48 PST"]
[Termination "Korchmar_Vasiliy won by resignation"]

1. d4 d5 2. c4 c6 3. cxd5 cxd5 4. Bf4 Nc6 5. e3 Nf6 6. Nc3 Bg4 7. Qb3 Na5 8. Qc2 a6 9. Bd3 Rc8 10. Nge2 b5 11.
a3 e6 12. O-O Be7 13. Ng3 Bh5 14. Nxh5 Nxh5 15. Be5 Nf6 16. Qe2 Nc4 17. Bxf6 Bxf6 18. a4 b4 19. Ne4 Be7 20. Nd2 Nxb2 21. Bxa6 Rc7 22. Bb5+ Kf8 23. Rfb1 Nc4 24. Nxc4 dxc4 25. Bxc4 g6 26. a5 Kg7 27. a6 Qb8 28. Bd3 Qa7 29. Be4 Rhc8 30. g3 h5 31. h4 Rc3 32.
Bb7 R8c7 33. Ra2 Rxb7 34. axb7 Qxb7 35. Rc2 Ra3 36. Rcb2 Qe4 37. Rb3 Bd6 38. Qd2 g5 39. hxg5 h4 40. f4 hxg3 41. Qg2 Qf5 42. Qxg3 Rxb3 43.
Rxb3 Qc2 44. e4 Qxe4 45. Qf3 Qxd4+ 46. Kg2 Bxf4 47. Rd3 Qc4 48. Rd7 b3 49. g6 Kxg6 50. Qg4+ Kf6 51. Qh4+ Kg7 52. Rd8 Qe4+ 53. Kg1 Be3+ 0-1

[Event "*** Titled Tuesday Blitz"]
[Site "Chess.com"]
[Date "2020.02.04"]
[Round "7"]
[White "andrzej"]
[Black "Gusarov91"]
[Result "0-1"]
[WhiteElo "2352"]
[BlackElo "2607"]
[TimeControl "180+2"]
[EndTime "14:33:51 PST"]
[Termination "Gusarov91 won on time"]

1. d4 Nf6 2. c4 g6 3. Nf3 Bg7 4. g3 d5 5. Bg2 O-O 6. cxd5 Nxd5 7.
O-O a5 8. e4 Nb6 9. Nc3 a4 10.
h3 Nc6 11. d5 Ne5 12. Nxe5 Bxe5 13. Bh6 Re8 14. a3 Bd7 15. Qe2 c6 16. Rad1 cxd5 17.
exd5 Qc7 18. Ne4 Qc4 19. Qf3 Bf5 20. Ng5 Qb3 21. Qe2 Bf6 22. g4 Bd7 23. Ne4 Bb5 24.
Qd2 Bxf1 25. Bxf1 Qxb2 26. Qe3 Nd7 27. Re1 Bg7 28. Bf4 Qb3 29. Bd3 Qxd5 30. Ng5 e5 31.
Bg3 h6 32. Be4 Qc5 33. Qd2 hxg5 34. Qxd7 Re7 35. Qd3 Qd4 36. Qf3 Rb8 37. Rd1 Qc5 38. Bd5 e4 39. Bxe4 Rbe8 40. Bxb7 Re1+ 41. Rxe1 Rxe1+ 42. Kg2 Qb5 43. Kh2 Qf1 44. Qg2 Qxg2+ 45. Kxg2 Bf8 46. Bc6 Bxa3 47. Bxa4 f5 48. f4 Re2+ 49. Kf3 Re4 50. Bc6 Rd4 51. fxg5 fxg4+ 52. hxg4 Kh7 0-1

[Event "*** Titled Tuesday Blitz"]
[Site "Chess.com"]
[Date "2020.02.04"]
[Round "7"]
[White "TheBigBoss04"]
[Black "Sanyura"]
[Result "1-0"]
[WhiteElo "2667"]
[BlackElo "2489"]
[TimeControl "180+2"]
[EndTime "14:33:55 PST"]
[Termination "TheBigBoss04 won by checkmate"]

1. d4 Nf6 2. Bg5 Ne4 3. Bf4 c5 4. f3 Qa5+ 5. c3 Nf6 6. d5 e6 7. e4 exd5 8. e5 Nh5 9. Be3 g6 10. Qxd5 Nc6 11. Bc4 Nd8 12. Nd2 Rb8 13. Ne4 b5 14. Nd6+ Bxd6 15. exd6 O-O 16. Be2 Re8 17. Kf2 Ne6 18. Nh3 b4 19. c4 Qd8 20. Rhe1 b3 21. a3 Qf6 22. Rab1 Nhg7 23. Kg1 Nf5 24. Bf2 Nfd4 25. Bxd4 Nxd4 26. Bd3 Bb7 27. Qg5 Nxf3+ 28. gxf3 Qxf3 29. Nf2 h6 30. Qg3 Qf6 31. Ng4 Qd4+ 32. Nf2 h5 33. h4 Bc6 34. Kh2 Rxe1 35. Rxe1 Qxb2 36. Re2 Qd4 37. Bb1 b2 38. Nh3 Qd1 39.
Re1 Qd2+ 40. Qf2 Qxd6+ 41. Qf4 Qd4 42. Qxb8+ Kh7 43. Ng5+ Kh6 44. Qf8+ Qg7 45. Nxf7+ Kh7 46. Ng5+ Kh6 47. Qf4 Qc3 48. Ne6+ Kh7 49. Qf7+ Kh8 50. Qf8+ Kh7 51. Ng5# 1-0

[Event "*** Titled Tuesday Blitz"]
[Site "Chess.com"]
[Date "2020.02.04"]
[Round "7"]
[White "olksuna"]
[Black "AvitalBor"]
[Result "1-0"]
[WhiteElo "2604"]
[BlackElo "2734"]
[TimeControl "180+2"]
[EndTime "14:33:59 PST"]
[Termination "olksuna won on time"]

1. Nf3 Nf6 2. g3 d5 3. Bg2 Nbd7 4. d4 c6 5. O-O g6 6. b3 Bg7 7. c4 O-O 8. Bb2 a5 9. Nc3 dxc4 10. bxc4 Nb6 11. Qd3 Be6 12. Nd2 Ne8 13. c5 Nd7 14. Rfd1 Nc7 15. Nc4 Na6 16. a3 Qc7 17. Na4 Rfd8 18.
Qc2 Bxc4 19. Qxc4 e5 20. d5 cxd5 21. Rxd5 Rac8 22. Rad1 Ndxc5 23. Rxd8+ Rxd8 24. Rxd8+ Qxd8 25. Nxc5 Qc7 26. Bxb7 Nxc5 27. Bd5 Bf6 28. Kg2 Kg7 29. Bc3 h5 30. e4 Qb6 31. Bxf7 Nxe4 32. Qxe4 Kxf7 33.
Bxe5 Bxe5 34. Qxe5 Qc6+ 35. f3 Qc2+ 36. Kh3 a4 37. g4 hxg4+ 38. fxg4 Qb3+ 39. Qg3 g5 40.
Kg2 Ke6 41. Qf3 Qb2+ 42. Kg3 Qe5+ 43. Kg2 Qb2+ 44. Kh3 Qc2 45. Qe3+ Kf6 46. Kg3 Qb3 47.
Kf3 Qd1+ 48. Kg3 Qd6+ 49. Kg2 Qd5+ 50. Qf3+ Ke5 51. Qxd5+ Kxd5 52. Kg3 Kc4 53. h4 gxh4+ 54. Kxh4 Kb3 55. g5 Kxa3 56. g6 1-0

[Event "*** Titled Tuesday Blitz"]
[Site "Chess.com"]
[Date "2020.02.04"]
[Round "7"]
[White "Valk4"]
[Black "ehrenfeld"]
[Result "0-1"]
[WhiteElo "2275"]
[BlackElo "2480"]
[TimeControl "180+2"]
[EndTime "14:34:00 PST"]
[Termination "ehrenfeld won by resignation"]

1. e4 e5 2. Nf3 Nc6 3. Bc4 Nf6 4. d3 h6 5. a4 d6 6. Nc3 g5 7. Be3 Bg7 8. h3 O-O 9. O-O Ne7 10. d4 Nxe4 11.
Nxe4 d5 12. Bxd5 Nxd5 13. Nxe5 Nxe3 14. fxe3 Bxe5 15. dxe5 Qxd1 16. Raxd1 Kg7 17. Nf6 Be6 18. Rd4 c5 19. Rd6 Rad8 20. Ne4 b6 21. Ng3 Rc8 22. Rf6 Rfe8 23. e4 Re7 24. Rxh6 c4 25. Rf6 c3 26. b3 Rc5 27. Nf5+ Bxf5 28. Rxf5 Rcxe5 29. Rd3 Rxf5 30. exf5 Kf6 31. g4 Rc7 32. Kf2 Ke5 33. Ke3 f6 34.
Kf3 Rh7 35. Kg3 Rc7 36. h4 gxh4+ 37. Kxh4 Kf4 38. Rd4+ Ke3 39. Rc4 Rh7+ 40. Kg3 Kd2 41.
Rc6 Rf7 42. Kf4 Kxc2 43. g5 fxg5+ 44. Kxg5 Kb2 45. b4 c2 46. Kg6 Rf8 47. f6 c1=Q 48. Rxc1 Kxc1 49. Kg7 Rd8 50. f7 Kc2 51. f8=Q Rxf8 52.
Kxf8 Kb3 53. a5 Kxb4 0-1

[Event "*** Titled Tuesday Blitz"]
[Site "Chess.com"]
[Date "2020.02.04"]
[Round "7"]
[White "MikaelyanArman"]
[Black "DamianoLew95"]
[Result "0-1"]
[WhiteElo "2743"]
[BlackElo "2616"]
[TimeControl "180+2"]
[EndTime "14:34:04 PST"]
[Termination "DamianoLew95 won by resignation"]

1. d4 d5 2. c4 c6 3. Nf3 Nf6 4. Nc3 dxc4 5. e4 b5 6. Be2 b4 7. e5 bxc3 8. exf6 cxb2 9. fxg7 Bxg7 10. Bxb2 Qa5+ 11. Qd2 Qxd2+ 12. Nxd2 Be6 13. Nxc4 Nd7 14. O-O-O Nb6 15. Nxb6 axb6 16. a3 Bd5 17. Bf3 Bxf3 18. gxf3 e6 19. Kc2 Ra5 20. Rhg1 Bf6 21. Rg4 Ke7 22. Bc3 Rd5 23. Bb4+ Kd7 24. Rf4 Rf5 25. Rxf5 exf5 26. Kd3 Rg8 27. Rb1 Rg2 28. Be1 Bd8 29. a4 Bc7 30. h3 Rh2 31. Bb4 Rxh3 32. Ke2 Rh6 33. Rg1 Rg6 34. Rh1 h6 35. Rh5 Ke6 36. Bf8 Bf4 37. Rh1 Rg8 38. Bb4 Ra8 39. Ra1 Kd5 40. Kd3 Bg5 41. Re1 Bf6 42. a5 Bxd4 43.
Re7 c5 44. axb6 c4+ 45. Kc2 Ra2+ 46. Kb1 Rb2+ 47. Kc1 Rxb4 48. b7 c3 49. Rxf7 Kc4 50. Kc2 Rb2+ 51. Kc1 Kd3 52. Rd7 Rb5 53. f4 h5 54. Rh7 c2 55. b8=Q Rxb8 56. Rb7 Rxb7 0-1

[Event "*** Titled Tuesday Blitz"]
[Site "Chess.com"]
[Date "2020.02.04"]
[Round "7"]
[White "Volodar_Murzin"]
[Black "AntonSmirnov"]
[Result "1/2-1/2"]
[WhiteElo "2645"]
[BlackElo "2874"]
[TimeControl "180+2"]
[EndTime "14:34:04 PST"]
[Termination "Game drawn - insufficient material"]

1. d4 d5 2. Nf3 Nf6 3. Bf4 e6 4. e3 c5 5. c3 Nc6 6. Nbd2 Nh5 7. Bg5 Qb6 8. Qb3 h6 9. Bh4 g5 10.
Bg3 Nxg3 11. hxg3 Bg7 12. Qb5 c4 13. Qxb6 axb6 14. a3 b5 15. Rd1 f5 16. Be2 Bd7 17. Nh2 Ke7 18. g4 Raf8 19. gxf5 exf5 20. f4 g4 21.
Nhf1 h5 22. g3 Bf6 23. e4 dxe4 24. Ne3 Kd6 25. a4 bxa4 26. Ndxc4+ Kc7 27. d5 Nd8 28. Ne5 h4 29. Ng6 h3 30. Nxh8 Rxh8 31. d6+ Kb8 32. Nd5 Rh6 33. Kf2 Bg7 34. Nb6 Bc6 35. Nc4 Bf8 36.
Ne3 Bd7 37. Rd5 Rxd6 38. Rhd1 Rxd5 39. Rxd5 Kc7 40. Nxf5 Bc6 41. Ne3 Bxd5 42. Nxd5+ Kc6 43. Nf6 Bc5+ 44. Kf1 Be3 45. Bxg4 h2 46. Kg2 Bc1 47.
Bd7+ Kc5 48. Nxe4+ Kd5 49. Nf6+ Kc4 50. Bxa4 Bxb2 51. Ne4 Kd3 52. Nf2+ Kxc3 53. Nd1+ Kb4 54. Nxb2 Ka3 55. Bd7 Kxb2 56. g4 Kc3 57. g5 Nf7 58.
Be6 Nd6 59. f5 Ne4 60. g6 Nf6 61. Kxh2 Kd4 62. Kg3 Ke5 63. Kf3 Ne8 64. Kg4 Kf6 65. Kh5 b5 66. Bd7 Ng7+ 67. Kg4 b4 68. Ba4 Nxf5 69.
Kf4 Nd6 70. Ke3 Ke5 71. g7 Nf5+ 72. Kd3 Nxg7 73. Kc4 Ne6 74. Kxb4 1/2-1/2

[Event "*** Titled Tuesday Blitz"]
[Site "Chess.com"]
[Date "2020.02.04"]
[Round "7"]
[White "MartinCerveny"]
[Black "MathiasWomacka"]
[Result "0-1"]
[WhiteElo "2572"]
[BlackElo "2440"]
[TimeControl "180+2"]
[EndTime "14:34:04 PST"]
[Termination "MathiasWomacka won on time"]

1. d4 Nf6 2. c4 e6 3. Nc3 Bb4 4. e3 O-O 5. Ne2 d5 6. a3 Be7 7. Ng3 c6 8. Bd2 Nbd7 9. b4 a5 10. c5 b6 11. f4 Ba6 12. Rb1 Bxf1 13. Rxf1 b5 14. Kf2 axb4 15. axb4 g6 16. h3 h5 17. Ra1 h4 18. Nge2 Nh5 19. Qc2 Qc7 20. Ra2 Qb7 21. Rfa1 Ng7 22. Ng1 Nf5 23. Nf3 Nf6 24. Be1 Nh5 25. Ke2 Kg7 26. Nd1 Nf6 27. Nc3 Nh5 28. Ra5 Rxa5 29. Rxa5 Ra8 30. Qa2 Rxa5 31.
Qxa5 Kf8 32. Kd3 Ke8 33. e4 dxe4+ 34. Kxe4 Kf8 35. Ne5 Bf6 36. Ne2 Kg7 37. Qb6 Qa8 38. Qa5 Qc8 39. Qa7 Bxe5 40. fxe5 Qd8 41. Qa2 Qg5 42.
Ng1 Qc1 43. Qd2 Qb1+ 44. Kf3 Qa1 45. Bf2 Qa3+ 46. Kg4 Nhg3 47. Nf3 Ne4 48. Qe1 Qd3 49. Bxh4 Ne3+ 0-1

[Event "*** Titled Tuesday Blitz"]
[Site "Chess.com"]
[Date "2020.02.04"]
[Round "7"]
[White "SoltaniciR"]
[Black "cottage_cheese"]
[Result "1-0"]
[WhiteElo "2474"]
[BlackElo "2285"]
[TimeControl "180+2"]
[EndTime "14:34:08 PST"]
[Termination "SoltaniciR won by resignation"]

1. e4 e5 2. Nf3 Nc6 3. Bb5 a6 4. Ba4 Nf6 5. O-O Be7 6. Re1 b5 7. Bb3 d6 8. c3 O-O 9. h3 Nb8 10. d3 Nbd7 11. Nbd2 Nb6 12. Nf1 c5 13. Ng3 a5 14. d4 a4 15. Bc2 cxd4 16. cxd4 Qc7 17. Rb1 Re8 18. b3 Bf8 19. Bg5 Nfd7 20. Bd3 Ba6 21.
Rc1 Qb7 22. Nf5 b4 23. Bxa6 Rxa6 24.
Nd2 h6 25. Be3 d5 26. Qg4 Nf6 27. Qg3 Nh5 28. Qf3 Nf4 29. Bxf4 exf4 30. e5 axb3 31. axb3 Nc8 32. Qxf4 Rg6 33. Nf3 Be7 34. Ne3 Bg5 35. Nxg5 Rxg5 36. Rc5 Ne7 37. Rec1 Qd7 38. Qf3 Ng6 39. Rxd5 Qb7 40. g3 Nh4 41. Qe4 f5 42.
Qxh4 Rf8 43. Qf4 Qa7 44. Rdc5 Qa2 45. R5c2 Qxb3 46. h4 Rg6 47. d5 Qd3 48. e6 b3 49.
Rc3 Qd2 50. Ng2 Qa2 51. Qc4 Rb8 52. Nf4 Qa3 53. Nxg6 b2 54. Rxa3 1-0

[Event "*** Titled Tuesday Blitz"]
[Site "Chess.com"]
[Date "2020.02.04"]
[Round "7"]
[White "Borsuk_Konstantin"]
[Black "JonahWillow"]
[Result "0-1"]
[WhiteElo "2545"]
[BlackElo "2742"]
[TimeControl "180+2"]
[EndTime "14:34:10 PST"]
[Termination "JonahWillow won by resignation"]

1. d4 d5 2. c4 dxc4 3. Nf3 a6 4. e3 Bg4 5. Bxc4 e6 6. h3 Bh5 7. g4 Bg6 8. h4 Be4 9. Nbd2 Bd5 10. Bd3 b6 11. g5 Ne7 12. e4 Bb7 13.
Nb3 Nbc6 14. h5 Nc8 15. a3 Nd6 16. Be3 Be7 17. Rc1 Qd7 18. Qc2 Nb5 19. Kf1 Rc8 20. Qe2 f6 21. h6 gxh6 22. Rxh6 fxg5 23. Rxc6 Bd6 24. Rc1 g4 25. Ng5 Qg7 26. Qxg4 Qxh6 27.
Nf7 Qf6 28. Nxh8 Qxh8 29. Qxe6+ Be7 30. Bg5 Qg7 31. Bxe7 Qxe7 32. Qxe7+ Kxe7 33. Ke2 h5 34. Ke3 h4 35. Nd2 h3 36. Rh1 Rh8 37. f4 Nd6 38. Rh2 Nf7 39. Kf3 Bc8 40. f5 Ng5+ 41. Kg4 Nf7 42. Rxh3 Rg8+ 43. Kf4 Rg2 44. Ke3 Ng5 45. Rh1 Rg3+ 46. Ke2 Rg2+ 47. Kd1 Rg3 48. Kc2 Rg2 49.
Kc3 Rg3 50. b4 Bb7 51. Re1 b5 52. d5 c6 53. dxc6 Bxc6 54. Kd4 Rg2 55. Nb3 Nf3+ 56.
Kc5 Nxe1 57. Kxc6 Nxd3 58. Kb7 Rb2 59. Nd4 Ra2 0-1